 Dungeon Crawl Stone Soup version 0.21-a0-578-gc6e9d75 (webtiles) character file.

30111 tidbits the Thaumaturge (level 13, -4/98 HPs)
             Began as a Gnoll Earth Elementalist on Dec 18, 2017.
             Was an Elder of Cheibriados.
             Killed from afar by a deep elf knight (24 damage)
             ... with a shard of ice
             ... on level 1 of the Elven Halls.
             The game lasted 01:18:24 (3665 turns).

tidbits the Thaumaturge (Gnoll Earth Elementalist)  Turns: 3665, Time: 01:18:25

Health: -4/98      AC:  9    Str: 24    XL:     13   Next: 49%
Magic:  25/26      EV: 22    Int: 31    God:    Cheibriados [****..]
Gold:   482        SH:  8    Dex: 31    Spells: 11/31 levels left

rFire    . . .     SeeInvis .   a - +2 war axe (elec)
rCold    . . .     Gourm    .   U - +0 buckler
rNeg     . . .     Faith    .   B - +0 troll leather armour
rPois    .         Spirit   .   E - +0 helmet
rElec    .         Reflect  .   C - +1 cloak
rCorr    .         Harm     .   (no gloves)
MR       ++...     Rnd*Tele +   (no boots)
Stlth    +++++.....             h - amulet of magic regeneration
HPRegen  0.66/turn              t - ring of Mytuagra {+Blink MR++ Str+3 Dex+4}
MPRegen  0.45/turn              Z - ring of teleportation (curse)

@: drained, very slow
A: distributed training, fangs 1, strong nose
a: Bend Time, Temporal Distortion, Slouch, Renounce Religion, Evoke Blink


You were on level 1 of the Elven Halls.
You worshipped Cheibriados.
Cheibriados was greatly pleased with you.
You were not hungry.

You visited 4 branches of the dungeon, and saw 18 of its levels.
You also visited: Ossuary.

You collected 1387 gold pieces.
You spent 905 gold pieces at shops.

Inventory:

Hand Weapons
 a - a +2 war axe of electrocution (weapon)
   (You bought it in a shop on level 2 of the Orcish Mines)
 f - the +6 hand axe "Qissop" {chop, Int+3, unknown}
   (You found it on level 1 of the Orcish Mines)

   It inflicts extra damage upon your enemies.
   It affects your intelligence (+3).
 i - a +4 shortbow of freezing
   (You took it off a centaur on level 6 of the Dungeon)
 k - a +1 dagger of freezing
   (You took it off an orc wizard on level 6 of the Dungeon)
 l - the +10 short sword of the Onslaught {antimagic, rPois rC+ Int-4}
   (You found it on level 4 of the Dungeon)

   It reduces the magical energy of the wielder, and disrupts the spells and
   magical abilities of those hit.
   Natural abilities and divine invocations are not affected.
   It affects your intelligence (-4).
   It protects you from cold.
   It protects you from poison.
 r - a +1 short sword of venom
   (You found it on level 1 of the Dungeon)
 v - a +0 hand crossbow
 z - a +4 scimitar of flaming
   (You took it off Erica on level 1 of the Orcish Mines)
 H - a +1 falchion of holy wrath
   (You took it off an orc on level 10 of the Dungeon)
 I - a +0 scythe
 K - a +0 longbow
 L - a +2 whip of electrocution
   (You took it off an orc priest on level 12 of the Dungeon)
 V - a +2 great sword of electrocution
   (You took it off an orc warlord on level 1 of the Orcish Mines)
Missiles
 b - 88 stones (quivered)
 j - 5 javelins
 p - 31 tomahawks
 s - 55 arrows
 u - 8 steel tomahawks
Armour
 c - a +0 robe
 B - a +0 troll leather armour (worn)
 C - a +1 cloak (worn)
 E - a +0 helmet (worn)
 M - the +0 robe of Conscience {+Fly rC++ Int+2 Slay+3}
   (You found it on level 11 of the Dungeon)

   It affects your intelligence (+2).
   It affects your accuracy and damage with ranged weapons and melee attacks
   (+3).
   It greatly protects you from cold.
   It lets you fly.
 O - +0 acid dragon scales
 U - a +0 buckler (worn)
 W - a +1 robe of magic resistance
   (You took it off an orc sorcerer on level 2 of the Orcish Mines)
 X - a +2 robe of fire resistance
   (You took it off Erica on level 1 of the Orcish Mines)
 Y - a +1 robe
Jewellery
 h - an amulet of magic regeneration (around neck)
   (You bought it in a shop on level 2 of the Orcish Mines)
 o - the amulet of the Slug {Spirit Str+4 Int+4}
   (You found it on level 1 of the Orcish Mines)

   [amulet of guardian spirit]

   It causes incoming damage to be split between your health and magic.
   It affects your strength (+4).
   It affects your intelligence (+4).
 t - the ring of Mytuagra (left hand) {+Blink MR++ Str+3 Dex+4}
   (You bought it in a shop on level 2 of the Orcish Mines)

   [ring of strength]

   It affects your strength (+3).
   It affects your dexterity (+4).
   It affects your resistance to hostile enchantments.
   It lets you blink.
 J - an uncursed amulet of faith
   (You found it on level 11 of the Dungeon)
 Z - a cursed ring of teleportation (right hand)
   (You found it on level 1 of the Orcish Mines)
Wands
 T - a wand of disintegration (4)
Scrolls
 g - a scroll of amnesia
 m - 4 scrolls of teleportation
 D - a scroll of blinking
 N - a scroll of fear {unknown}
 Q - a scroll of torment
 S - a scroll of immolation
Potions
 q - a potion of curing
 x - a potion of cancellation
 F - 2 potions of might
 P - a potion of haste
Books
 e - a book of Geomancy

   Spells                             Type                      Level
   a - Sandblast                      Earth                        1
   b - Passwall                       Transmutation/Earth          2
   c - Stone Arrow                    Conjuration/Earth            3
   d - Petrify                        Transmutation/Earth          4
   e - Lee's Rapid Deconstruction     Earth                        5
 n - a book of Changes
   (You found it on level 4 of the Dungeon)

   Spells                             Type                      Level
   a - Beastly Appendage              Transmutation                1
   b - Sticks to Snakes               Transmutation                2
   c - Spider Form                    Transmutation/Poison         3
   d - Ice Form                       Ice/Transmutation            4
   e - Blade Hands                    Transmutation                5
 y - a book of Callings
   (You found it on level 9 of the Dungeon)

   Spells                             Type                      Level
   a - Summon Small Mammal            Summoning                    1
   b - Call Imp                       Summoning                    2
   c - Call Canine Familiar           Summoning                    3
   d - Summon Guardian Golem          Hexes/Summoning              3
   e - Summon Lightning Spire         Summoning/Air                4
   f - Summon Ice Beast               Ice/Summoning                4
 G - a book of Spatial Translocations
   (You found it on level 10 of the Dungeon)

   Spells                             Type                      Level
   a - Blink                          Translocation                2
   b - Shroud of Golubria             Charms/Translocation         2
   c - Lesser Beckoning               Translocation                3
   d - Gell's Gravitas                Translocation                3
   e - Teleport Other                 Translocation                3
   f - Passage of Golubria            Translocation                4
Miscellaneous
 w - a phial of floods
 A - a crystal ball of energy
Comestibles
 d - 15 rations


   Skills:
 + Level 8.2(7.7) Fighting
 + Level 8.2(7.7) Short Blades
 + Level 8.2(7.7) Long Blades
 + Level 8.2(7.7) Axes
 + Level 8.2(7.7) Maces & Flails
 + Level 8.2(7.7) Polearms
 + Level 8.2(7.7) Staves
 + Level 8.2(7.7) Slings
 + Level 8.2(7.7) Bows
 + Level 8.2(7.7) Crossbows
 + Level 8.2(7.7) Throwing
 + Level 8.2(7.7) Armour
 + Level 9.4(8.9) Dodging
 + Level 9.2(8.8) Stealth
 + Level 8.2(7.7) Shields
 + Level 8.2(7.7) Unarmed Combat
 + Level 9.6(9.1) Spellcasting
 + Level 6.8(6.3) Conjurations
 + Level 6.8(6.3) Hexes
 + Level 6.8(6.3) Charms
 + Level 6.8(6.3) Summonings
 + Level 6.8(6.3) Necromancy
 + Level 6.8(6.3) Translocations
 + Level 7.2(6.7) Transmutations
 + Level 6.8(6.3) Fire Magic
 + Level 6.8(6.3) Ice Magic
 + Level 6.8(6.3) Air Magic
 + Level 8.8(8.4) Earth Magic
 + Level 6.8(6.3) Poison Magic
 + Level 9.0(8.5) Invocations
 + Level 8.2(7.7) Evocations


You had 11 spell levels left.
You knew the following spells:

 Your Spells              Type           Power        Failure   Level  Hunger
a - Sandblast             Erth           ######       1%          1    None
b - Blink                 Tloc           N/A          1%          2    None
g - Passage of Golubria   Tloc           N/A          2%          4    None
k - Sticks to Snakes      Tmut           ######..     1%          2    None
w - Passwall              Tmut/Erth      ######....   1%          2    None
D - Lee's Rapid Deconstr  Erth           ######....   3%          5    ###....
L - Summon Lightning Spi  Summ/Air       ######..     2%          4    None


Dungeon Overview and Level Annotations

Branches:
Dungeon (14/15)            Temple (1/1) D:4             Orc (2/2) D:12
    Elf (1/3) Orc:2        Vaults (0/5) D:14
   Lair: D:8-11

Altars:
Ashenzari
Cheibriados
Dithmenos
Fedhas
Gozag
Hepliaklqana
Kikubaaqudgha
Makhleb
Nemelex Xobeh
Qazlal
Ru
Sif Muna
Uskayaw
Vehumet
Xom
Yredelemnul
Beogh

Shops:
D:6 *   Orc:2 (:*==

Annotations:
D:12 Rupert


Innate Abilities, Weirdness & Mutations

Your experience applies equally to all skills.
You have very sharp teeth.
Your uncanny sense of smell can sniff out nearby items.


Message History

You block the mace of draining's attack.
Your lightning spire shoots out a bolt of lightning at the mace of draining!
The bolt of electricity hits the deep elf mage.
The bolt of electricity hits the mace of draining.
The mace of draining completely resists.
You hit the mace of draining.
The mace of draining is heavily damaged.
You barely miss the deep elf knight.
You catch the helpless deep elf mage completely off-guard!
You slash the deep elf mage! The mace of draining hits you!
You feel drained. The deep elf mage casts a spell at you.
The bolt of lightning hits the mace of draining.
The mace of draining completely resists.
The bolt of lightning hits you!
The deep elf knight points at you and mumbles some strange words.
The shard of ice misses you.
The deep elf mage hits you but does no damage.
Your lightning spire shoots out a bolt of lightning at the mace of draining!
The bolt of electricity hits the deep elf mage.
The deep elf mage dies!
Cheibriados thoroughly appreciates the change of pace.
The bolt of electricity hits the mace of draining.
The mace of draining completely resists.
You slash the mace of draining!
You bite the mace of draining, but do no damage.
The mace of draining is severely damaged.
You miss the deep elf knight. You barely miss the deep elf mage.
The mace of draining barely misses you. You block the deep elf knight's attack.
The mace of draining hits you.
* * * LOW HITPOINT WARNING * * *
You feel drained.
Your lightning spire shoots out a bolt of lightning at the mace of draining!
The bolt of electricity misses the mace of draining.
The bolt of electricity hits the deep elf mage.
The deep elf mage points at you and mumbles some strange words.
The bolt of lightning hits you!
* * * LOW HITPOINT WARNING * * *
Unknown command.
You hit the mace of draining. Your bite misses the mace of draining.
The mace of draining is almost destroyed.
You barely miss the deep elf mage. You barely miss the deep elf knight.
The mace of draining barely misses you.
The deep elf knight gestures wildly while chanting.
The deep elf knight flickers and vanishes!
Your lightning spire shoots out a bolt of lightning at the mace of draining!
The bolt of electricity hits the mace of draining.
The mace of draining completely resists.
The bolt of electricity hits the deep elf mage.
The deep elf mage closely misses you.
Unknown command.
You closely miss the mace of draining.
You bite the mace of draining, but do no damage.
The mace of draining is almost destroyed.
You hit the deep elf mage. You completely miss something.
The mace of draining hits you but does no damage.
You feel drained.
You hear some strange, mumbled words.
Your lightning spire shoots out a bolt of lightning at the mace of draining!
The bolt of electricity hits the mace of draining.
The mace of draining completely resists.
The bolt of electricity hits the deep elf mage.
The deep elf mage dies!
Cheibriados thoroughly appreciates the change of pace.
Something hits you.
* * * LOW HITPOINT WARNING * * *
You slash the mace of draining!
The mace of draining falls from the air.
Cheibriados thoroughly appreciates the change of pace.
Your base Invocations skill increases to level 9!
You slash something! Something barely misses you.
Unknown command.
Okay, then.
Unknown command.
You closely miss something. Something hits you!
* * * LOW HITPOINT WARNING * * *
Something barely misses you.
Evoke which item? (* to show all) (? for menu, Esc to quit)
Okay, then.
Search for what [Enter for "gold", or ? for help]? sinv Can't find anything matching that.
Unknown command.
Unknown command.
Evoke which item? (* to show all) (? for menu, Esc to quit)
Okay, then.
Unknown command.
Casting: Summon Lightning Spire
Confirm with . or Enter, or press ? or * to list all spells.
Aiming: Sandblast
Press: ? - help, Shift-Dir - straight line
b - 89 stones Something closely misses you.
Casting: Sandblast
Confirm with . or Enter, or press ? or * to list all spells.
Aiming: Sandblast
Press: ? - help, Shift-Dir - straight line
b - 88 stones You hear some strange, mumbled words.
A shard of ice appears from out of thin air!
The shard of ice hits you!
You die...

******,,,* *..,**,,,*
*####.#.,,,,,*
*......#***+**
######.8.)..# *,*
##...8'....$.# *,*
#.[...'..?...# *,*
#.<...){.....# *,*
#.....@......# *,* *
##....').....#***+*****
######.8....#*,,,,,**,
*......#,,,,,,,+*
*####.#.,,,,,,,,*
*,#,,,,,,,,,*
*,,,,,,,,,,,+
***,,,,,,,,,*
*,,,,,,,,,*


You could see a friendly lightning spire.

Vanquished Creatures
  2 orc warlords (Orc:1)
  A stone giant (Orc:1)
  An ettin (Orc:1)
  An ogre mage (Orc:2)
  A centaur warrior (D:12)
  A dancing weapon (Elf:1)
  8 two-headed ogres
  Erica (Orc:1)
  2 deep trolls (Orc:2)
  A cyclops (Orc:2)
  3 orc sorcerers
  A manticore (D:13)
  A deep elf mage (Elf:1)
  2 centaur skeletons
  A gargoyle (D:12)
  Maurice (Orc:1)
  9 trolls
  A hornet (D:9)
  A hippogriff (D:11)
  5 yaks
  A wyvern (D:8)
  A vampire (D:13)
  A human (D:13)
  A basilisk (D:9)
  A hungry ghost (D:8)
  Menkaure (D:6)
  5 wargs (Orc:1)
  A soldier ant (D:13)
  10 orc warriors
  A black bear (D:8)
  An ice beast (D:9)
  18 ogres
  A centaur (D:6)
  A crocodile (D:10)
  4 bullfrogs
  4 scorpions
  2 killer bees (D:10)
  2 wights (D:8)
  2 howler monkeys (D:9)
  A crimson imp (D:13)
  2 centaur zombies
  8 orc priests
  2 hounds (D:4)
  3 iron imps (D:8)
  13 orc wizards
  Jessica (D:3)
  2 worker ants
  A hound zombie (D:8)
  A hound skeleton (D:6)
  3 adders
  A shadow imp (D:8)
  An ooze (D:6)
  An adder zombie (Ossuary)
  A worm (D:4)
  A dart slug (D:1)
  A leopard gecko (D:6)
  35 orcs
  A bat (D:2)
  A giant cockroach (D:4)
  A hobgoblin (D:2)
  2 quokkas
  A ball python skeleton (Ossuary)
  A goblin zombie (D:6)
  A hobgoblin skeleton (Ossuary)
  3 hobgoblin zombies (Ossuary)
  A kobold zombie (Ossuary)
  An orc skeleton (Ossuary)
  2 orc zombies (Ossuary)
  A quokka zombie (D:6)
196 creatures vanquished.

Vanquished Creatures (collateral kills)
  An ettin (Orc:2)
  2 two-headed ogres (Orc:2)
  An ogre mage (Orc:2)
  An orc high priest (Orc:1)
  An orc knight (Orc:1)
  3 deep elf magi (Elf:1)
  An orc sorcerer (Orc:2)
  A cyclops (Orc:2)
  A tengu conjurer (D:12)
  6 trolls
  A yak (D:13)
  A wyvern (D:13)
  4 wargs
  An acid dragon (D:11)
  12 orc warriors
  6 ogres
  4 killer bees (D:10)
  A crimson imp (D:10)
  2 centaur zombies
  5 orc priests
  11 orc wizards
  A worker ant (D:13)
  A shadow imp (D:10)
  28 orcs
96 creatures vanquished.

Grand Total: 292 creatures vanquished

Notes
Turn   | Place    | Note
-------+----------+-------------------------------------------
     0 | D:1      | tidbits the Gnoll Earth Elementalist began the quest for the Orb.
     0 | D:1      | Reached XP level 1. HP: 13/13 MP: 6/6
    47 | D:2      | Reached skill level 2 in Transmutations
    47 | D:2      | Reached XP level 2. HP: 18/20 MP: 5/7
    51 | D:2      | Learned a level 2 spell: Passwall
    80 | D:3      | Noticed Jessica
    82 | D:3      | Killed Jessica
    82 | D:3      | Reached skill level 5 in Spellcasting
    82 | D:3      | Reached skill level 1 in Invocations
    82 | D:3      | Reached XP level 3. HP: 25/25 MP: 6/9
    92 | D:4      | Reached skill level 1 in Fighting
    92 | D:4      | Reached skill level 1 in Short Blades
    92 | D:4      | Reached skill level 1 in Long Blades
    92 | D:4      | Reached skill level 1 in Axes
    92 | D:4      | Reached skill level 1 in Maces & Flails
    92 | D:4      | Reached skill level 1 in Polearms
    92 | D:4      | Reached skill level 1 in Staves
    92 | D:4      | Reached skill level 1 in Slings
    92 | D:4      | Reached skill level 1 in Bows
    92 | D:4      | Reached skill level 1 in Crossbows
    92 | D:4      | Reached skill level 1 in Throwing
    92 | D:4      | Reached skill level 1 in Armour
    92 | D:4      | Reached skill level 1 in Shields
    92 | D:4      | Reached skill level 1 in Unarmed Combat
    92 | D:4      | Reached skill level 1 in Evocations
    95 | D:4      | Reached XP level 4. HP: 32/32 MP: 1/11
   111 | D:4      | Got a shimmering short sword
   112 | D:4      | Identified the +10 short sword of the Onslaught {antimagic, rPois rC+ Int-4} (You found it on level 4 of the Dungeon)
   118 | D:4      | Found a staircase to the Ecumenical Temple.
   128 | D:4      | Reached skill level 1 in Conjurations
   128 | D:4      | Reached skill level 1 in Hexes
   128 | D:4      | Reached skill level 1 in Charms
   128 | D:4      | Reached skill level 1 in Summonings
   128 | D:4      | Reached skill level 1 in Necromancy
   128 | D:4      | Reached skill level 1 in Translocations
   128 | D:4      | Reached skill level 1 in Fire Magic
   128 | D:4      | Reached skill level 1 in Ice Magic
   128 | D:4      | Reached skill level 1 in Air Magic
   128 | D:4      | Reached skill level 1 in Poison Magic
   130 | Temple   | Entered the Ecumenical Temple
   171 | Temple   | Became a worshipper of Cheibriados the Contemplative
   213 | D:5      | Entered Level 5 of the Dungeon
   219 | D:5      | Reached XP level 5. HP: 26/37 MP: 4/12
   301 | D:6      | Found Alimn's General Store.
   325 | D:6      | Found a sand-covered staircase.
   340 | Ossuary  | Entered an ossuary
   471 | D:6      | Noticed a centaur
   474 | D:6      | HP: 3/37 [centaur/arrow (5)]
   480 | D:6      | Killed a centaur
   480 | D:6      | Reached skill level 2 in Invocations
   480 | D:6      | Reached XP level 6. HP: 22/44 MP: 3/13
   493 | D:6      | Learned a level 2 spell: Sticks to Snakes
   539 | D:6      | Noticed Menkaure
   545 | D:6      | Killed Menkaure
   545 | D:6      | Reached skill level 2 in Fighting
   545 | D:6      | Reached skill level 2 in Short Blades
   545 | D:6      | Reached skill level 2 in Long Blades
   545 | D:6      | Reached skill level 2 in Axes
   545 | D:6      | Reached skill level 2 in Maces & Flails
   545 | D:6      | Reached skill level 2 in Polearms
   545 | D:6      | Reached skill level 2 in Staves
   545 | D:6      | Reached skill level 2 in Slings
   545 | D:6      | Reached skill level 2 in Bows
   545 | D:6      | Reached skill level 2 in Crossbows
   545 | D:6      | Reached skill level 2 in Throwing
   545 | D:6      | Reached skill level 2 in Armour
   545 | D:6      | Reached skill level 5 in Dodging
   545 | D:6      | Reached skill level 2 in Shields
   545 | D:6      | Reached skill level 2 in Unarmed Combat
   545 | D:6      | Reached skill level 2 in Evocations
   612 | D:6      | Reached XP level 7. HP: 40/50 MP: 3/15
   629 | D:6      | Reached * piety under Cheibriados
   707 | D:8      | Reached skill level 2 in Conjurations
   707 | D:8      | Reached skill level 2 in Hexes
   707 | D:8      | Reached skill level 2 in Charms
   707 | D:8      | Reached skill level 2 in Summonings
   707 | D:8      | Reached skill level 2 in Necromancy
   707 | D:8      | Reached skill level 2 in Translocations
   707 | D:8      | Reached skill level 3 in Transmutations
   707 | D:8      | Reached skill level 2 in Fire Magic
   707 | D:8      | Reached skill level 2 in Ice Magic
   707 | D:8      | Reached skill level 2 in Air Magic
   707 | D:8      | Reached skill level 2 in Poison Magic
   749 | D:10     | Entered Level 10 of the Dungeon
   787 | D:9      | Noticed a hornet
   792 | D:9      | Killed a hornet
   792 | D:9      | Reached skill level 5 in Stealth
   792 | D:9      | Reached skill level 3 in Invocations
   792 | D:9      | Reached XP level 8. HP: 57/57 MP: 5/16
   808 | D:9      | Learned a level 4 spell: Summon Lightning Spire
   825 | D:8      | Found a sacrificial altar of Ru.
   828 | D:8      | Reached skill level 6 in Earth Magic
   849 | D:8      | Reached skill level 3 in Fighting
   849 | D:8      | Reached skill level 3 in Short Blades
   849 | D:8      | Reached skill level 3 in Long Blades
   849 | D:8      | Reached skill level 3 in Axes
   849 | D:8      | Reached skill level 3 in Maces & Flails
   849 | D:8      | Reached skill level 3 in Polearms
   849 | D:8      | Reached skill level 3 in Staves
   849 | D:8      | Reached skill level 3 in Slings
   849 | D:8      | Reached skill level 3 in Bows
   849 | D:8      | Reached skill level 3 in Crossbows
   849 | D:8      | Reached skill level 3 in Throwing
   849 | D:8      | Reached skill level 3 in Armour
   849 | D:8      | Reached skill level 3 in Shields
   849 | D:8      | Reached skill level 3 in Unarmed Combat
   849 | D:8      | Reached skill level 3 in Evocations
   905 | D:9      | Reached skill level 6 in Spellcasting
   992 | D:9      | Reached ** piety under Cheibriados
  1066 | D:10     | Noticed a yak
  1071 | D:9      | Reached skill level 3 in Conjurations
  1071 | D:9      | Reached skill level 3 in Hexes
  1071 | D:9      | Reached skill level 3 in Charms
  1071 | D:9      | Reached skill level 3 in Summonings
  1071 | D:9      | Reached skill level 3 in Necromancy
  1071 | D:9      | Reached skill level 3 in Translocations
  1071 | D:9      | Reached skill level 3 in Fire Magic
  1071 | D:9      | Reached skill level 3 in Ice Magic
  1071 | D:9      | Reached skill level 3 in Air Magic
  1071 | D:9      | Reached skill level 3 in Poison Magic
  1071 | D:9      | Reached skill level 4 in Invocations
  1075 | D:9      | Killed a yak
  1075 | D:9      | Reached skill level 6 in Dodging
  1075 | D:9      | Reached XP level 9. HP: 28/65 MP: 2/18
  1090 | D:9      | Noticed a troll
  1092 | D:9      | Killed a troll
  1112 | D:9      | Reached skill level 4 in Fighting
  1112 | D:9      | Reached skill level 4 in Short Blades
  1112 | D:9      | Reached skill level 4 in Long Blades
  1112 | D:9      | Reached skill level 4 in Axes
  1112 | D:9      | Reached skill level 4 in Maces & Flails
  1112 | D:9      | Reached skill level 4 in Polearms
  1112 | D:9      | Reached skill level 4 in Staves
  1112 | D:9      | Reached skill level 4 in Slings
  1112 | D:9      | Reached skill level 4 in Bows
  1112 | D:9      | Reached skill level 4 in Crossbows
  1112 | D:9      | Reached skill level 4 in Throwing
  1112 | D:9      | Reached skill level 4 in Armour
  1112 | D:9      | Reached skill level 4 in Shields
  1112 | D:9      | Reached skill level 4 in Unarmed Combat
  1112 | D:9      | Reached skill level 4 in Transmutations
  1112 | D:9      | Reached skill level 4 in Evocations
  1292 | D:8      | Reached skill level 6 in Stealth
  1316 | D:8      | Found a burning altar of Makhleb.
  1388 | D:8      | HP: 4/66 [orc priest/divine providence (13)]
  1404 | D:8      | Noticed a two-headed ogre
  1407 | D:8      | Killed a two-headed ogre
  1407 | D:8      | Reached skill level 5 in Invocations
  1407 | D:8      | Reached XP level 10. HP: 11/73 MP: 2/20
  1417 | D:8      | Found an ancient bone altar of Kikubaaqudgha.
  1418 | D:8      | Found a blossoming altar of Fedhas.
  1418 | D:8      | Found a basalt altar of Yredelemnul.
  1418 | D:8      | Found a shimmering altar of Xom.
  1579 | D:10     | Reached skill level 7 in Spellcasting
  1593 | D:10     | Learned a level 5 spell: Lee's Rapid Deconstruction
  1636 | D:10     | Reached skill level 4 in Conjurations
  1636 | D:10     | Reached skill level 4 in Hexes
  1636 | D:10     | Reached skill level 4 in Charms
  1636 | D:10     | Reached skill level 4 in Summonings
  1636 | D:10     | Reached skill level 4 in Necromancy
  1636 | D:10     | Reached skill level 4 in Translocations
  1636 | D:10     | Reached skill level 4 in Fire Magic
  1636 | D:10     | Reached skill level 4 in Ice Magic
  1636 | D:10     | Reached skill level 4 in Air Magic
  1636 | D:10     | Reached skill level 4 in Poison Magic
  1657 | D:10     | Reached *** piety under Cheibriados
  1814 | D:11     | Reached skill level 5 in Fighting
  1814 | D:11     | Reached skill level 5 in Short Blades
  1814 | D:11     | Reached skill level 5 in Long Blades
  1814 | D:11     | Reached skill level 5 in Axes
  1814 | D:11     | Reached skill level 5 in Maces & Flails
  1814 | D:11     | Reached skill level 5 in Polearms
  1814 | D:11     | Reached skill level 5 in Staves
  1814 | D:11     | Reached skill level 5 in Slings
  1814 | D:11     | Reached skill level 5 in Bows
  1814 | D:11     | Reached skill level 5 in Crossbows
  1814 | D:11     | Reached skill level 5 in Throwing
  1814 | D:11     | Reached skill level 5 in Armour
  1814 | D:11     | Reached skill level 5 in Shields
  1814 | D:11     | Reached skill level 5 in Unarmed Combat
  1814 | D:11     | Reached skill level 5 in Evocations
  1830 | D:11     | Got a crude robe
  1935 | D:12     | Noticed a centaur warrior
  1948 | D:12     | Reached skill level 7 in Earth Magic
  1971 | D:12     | Learned a level 2 spell: Blink
  1976 | D:12     | Learned a level 4 spell: Passage of Golubria
  1986 | D:13     | Noticed a white ugly thing
  1997 | D:12     | Killed a centaur warrior
  1997 | D:12     | Reached skill level 7 in Dodging
  2028 | D:12     | Identified the +0 robe of Conscience {+Fly rC++ Int+2 Slay+3} (You found it on level 11 of the Dungeon)
  2075 | D:14     | Found a gate to the Vaults.
  2075 | D:14     | Noticed a centaur warrior
  2075 | D:14     | Noticed a two-headed ogre
  2075 | D:14     | Noticed an orc knight
  2075 | D:14     | Noticed a cyclops
  2103 | D:13     | Noticed a manticore
  2113 | D:13     | Killed a manticore
  2113 | D:13     | Reached skill level 5 in Transmutations
  2146 | D:13     | Reached skill level 6 in Invocations
  2164 | D:13     | Reached skill level 7 in Stealth
  2222 | D:13     | Reached **** piety under Cheibriados
  2243 | D:13     | Noticed a two-headed ogre
  2253 | D:13     | Killed a two-headed ogre
  2253 | D:13     | Reached XP level 11. HP: 31/81 MP: 13/22
  2332 | D:12     | Noticed Rupert
  2435 | D:12     | Reached skill level 6 in Fighting
  2435 | D:12     | Reached skill level 6 in Short Blades
  2435 | D:12     | Reached skill level 6 in Long Blades
  2435 | D:12     | Reached skill level 6 in Axes
  2435 | D:12     | Reached skill level 6 in Maces & Flails
  2435 | D:12     | Reached skill level 6 in Polearms
  2435 | D:12     | Reached skill level 6 in Staves
  2435 | D:12     | Reached skill level 6 in Slings
  2435 | D:12     | Reached skill level 6 in Bows
  2435 | D:12     | Reached skill level 6 in Crossbows
  2435 | D:12     | Reached skill level 6 in Throwing
  2435 | D:12     | Reached skill level 6 in Armour
  2435 | D:12     | Reached skill level 6 in Shields
  2435 | D:12     | Reached skill level 6 in Unarmed Combat
  2435 | D:12     | Reached skill level 5 in Conjurations
  2435 | D:12     | Reached skill level 5 in Hexes
  2435 | D:12     | Reached skill level 5 in Charms
  2435 | D:12     | Reached skill level 5 in Summonings
  2435 | D:12     | Reached skill level 5 in Necromancy
  2435 | D:12     | Reached skill level 5 in Translocations
  2435 | D:12     | Reached skill level 5 in Fire Magic
  2435 | D:12     | Reached skill level 5 in Ice Magic
  2435 | D:12     | Reached skill level 5 in Air Magic
  2435 | D:12     | Reached skill level 5 in Poison Magic
  2435 | D:12     | Reached skill level 6 in Evocations
  2517 | D:12     | Reached ***** piety under Cheibriados
  2517 | D:12     | Reached skill level 8 in Spellcasting
  2536 | D:12     | Found a staircase to the Orcish Mines.
  2573 | Orc:1    | Entered Level 1 of the Orcish Mines
  2573 | Orc:1    | Noticed an orc knight
  2578 | Orc:1    | Noticed an orc warlord
  2578 | Orc:1    | Found a roughly hewn altar of Beogh.
  2601 | Orc:1    | Noticed Maurice
  2604 | Orc:1    | Killed an orc knight
  2611 | Orc:1    | Killed Maurice
  2645 | Orc:1    | Killed an orc warlord
  2645 | Orc:1    | Reached skill level 8 in Dodging
  2645 | Orc:1    | Reached skill level 7 in Invocations
  2695 | Orc:1    | Noticed an orc high priest
  2702 | Orc:1    | Killed an orc high priest
  2732 | Orc:1    | Found a roughly hewn altar of Beogh.
  2822 | Orc:2    | Entered Level 2 of the Orcish Mines
  2822 | Orc:2    | Noticed an orc sorcerer
  2845 | Orc:1    | Noticed an orc warlord
  2845 | Orc:1    | Reached ****** piety under Cheibriados
  2845 | Orc:1    | Reached skill level 6 in Transmutations
  2847 | Orc:1    | Reached skill level 8 in Stealth
  2855 | Orc:1    | Reached XP level 12. HP: 52/89 MP: 14/24
  2870 | Orc:1    | Killed an orc warlord
  2870 | Orc:1    | Reached skill level 8 in Earth Magic
  2933 | Orc:2    | Found Wituich's Assorted Antiques.
  2942 | Orc:2    | Noticed a two-headed ogre
  2942 | Orc:2    | Noticed a two-headed ogre
  2943 | Orc:2    | Noticed a two-headed ogre
  2944 | Orc:2    | Killed a two-headed ogre
  2945 | Orc:2    | Noticed a two-headed ogre
  2945 | Orc:2    | Reached skill level 7 in Fighting
  2945 | Orc:2    | Reached skill level 7 in Short Blades
  2945 | Orc:2    | Reached skill level 7 in Long Blades
  2945 | Orc:2    | Reached skill level 7 in Axes
  2945 | Orc:2    | Reached skill level 7 in Maces & Flails
  2945 | Orc:2    | Reached skill level 7 in Polearms
  2945 | Orc:2    | Reached skill level 7 in Staves
  2945 | Orc:2    | Reached skill level 7 in Slings
  2945 | Orc:2    | Reached skill level 7 in Bows
  2945 | Orc:2    | Reached skill level 7 in Crossbows
  2945 | Orc:2    | Reached skill level 7 in Throwing
  2945 | Orc:2    | Reached skill level 7 in Armour
  2945 | Orc:2    | Reached skill level 7 in Shields
  2945 | Orc:2    | Reached skill level 7 in Unarmed Combat
  2945 | Orc:2    | Reached skill level 7 in Evocations
  2946 | Orc:2    | Noticed an ogre mage
  2947 | Orc:2    | Killed a two-headed ogre
  2947 | Orc:2    | Killed an ogre mage
  2950 | Orc:2    | Reached skill level 6 in Conjurations
  2950 | Orc:2    | Reached skill level 6 in Hexes
  2950 | Orc:2    | Reached skill level 6 in Charms
  2950 | Orc:2    | Reached skill level 6 in Summonings
  2950 | Orc:2    | Reached skill level 6 in Necromancy
  2950 | Orc:2    | Reached skill level 6 in Translocations
  2950 | Orc:2    | Reached skill level 6 in Fire Magic
  2950 | Orc:2    | Reached skill level 6 in Ice Magic
  2950 | Orc:2    | Reached skill level 6 in Air Magic
  2950 | Orc:2    | Reached skill level 6 in Poison Magic
  2951 | Orc:2    | Noticed a two-headed ogre
  2952 | Orc:2    | Noticed a two-headed ogre
  2953 | Orc:2    | Killed a two-headed ogre
  2953 | Orc:2    | Reached skill level 8 in Invocations
  2953 | Orc:2    | Killed a two-headed ogre
  2953 | Orc:2    | Reached skill level 9 in Spellcasting
  2956 | Orc:2    | Killed a two-headed ogre
  2957 | Orc:2    | Noticed a two-headed ogre
  2960 | Orc:2    | Noticed a two-headed ogre
  2963 | Orc:2    | Killed a two-headed ogre
  2967 | Orc:2    | Killed a two-headed ogre
  2985 | Orc:2    | Reached skill level 9 in Dodging
  2986 | Orc:2    | Killed a two-headed ogre
  2986 | Orc:2    | Reached XP level 13. HP: 59/98 MP: 20/26
  3020 | Orc:2    | Found Ucoew's Jewellery Shoppe.
  3033 | Orc:2    | Found Bomez's Book Shop.
  3037 | Orc:2    | Found Yrghoghusi's Jewellery Emporium.
  3045 | Orc:2    | Bought an uncursed amulet of magic regeneration for 330 gold pieces
  3062 | Orc:2    | Bought a shimmering platinum ring for 130 gold pieces
  3062 | Orc:2    | Bought a scroll labeled ZIRIEN ZERGH for 26 gold pieces
  3062 | Orc:2    | Bought a scroll labeled XOMIEPH TIJUYPT for 26 gold pieces
  3062 | Orc:2    | Identified the ring of Mytuagra {+Blink MR++ Str+3 Dex+4} (You bought it in a shop on level 2 of the Orcish Mines)
  3063 | Orc:2    | Bought a wand of disintegration (15) for 104 gold pieces
  3155 | Orc:2    | Reached skill level 9 in Stealth
  3178 | Orc:2    | Noticed an ettin
  3194 | Orc:2    | Found a staircase to the Elven Halls.
  3199 | Elf:1    | Entered Level 1 of the Elven Halls
  3231 | Orc:2    | Found Beavvol's Weapon Shoppe.
  3350 | Orc:1    | Reached skill level 7 in Transmutations
  3366 | Orc:1    | Noticed Erica
  3376 | Orc:1    | Killed Erica
  3383 | Orc:1    | Found a transporter.
  3399 | Orc:1    | Noticed an ettin
  3399 | Orc:1    | Found a roughly hewn altar of Beogh.
  3401 | Orc:1    | Noticed a stone giant
  3413 | Orc:1    | Killed an ettin
  3413 | Orc:1    | Reached skill level 8 in Fighting
  3413 | Orc:1    | Reached skill level 8 in Short Blades
  3413 | Orc:1    | Reached skill level 8 in Long Blades
  3413 | Orc:1    | Reached skill level 8 in Axes
  3413 | Orc:1    | Reached skill level 8 in Maces & Flails
  3413 | Orc:1    | Reached skill level 8 in Polearms
  3413 | Orc:1    | Reached skill level 8 in Staves
  3413 | Orc:1    | Reached skill level 8 in Slings
  3413 | Orc:1    | Reached skill level 8 in Bows
  3413 | Orc:1    | Reached skill level 8 in Crossbows
  3413 | Orc:1    | Reached skill level 8 in Throwing
  3413 | Orc:1    | Reached skill level 8 in Armour
  3413 | Orc:1    | Reached skill level 8 in Shields
  3413 | Orc:1    | Reached skill level 8 in Unarmed Combat
  3413 | Orc:1    | Reached skill level 8 in Evocations
  3416 | Orc:1    | Killed a stone giant
  3436 | Orc:1    | Got a transparent sapphire amulet
  3440 | Orc:1    | Identified the amulet of the Slug {Spirit Str+4 Int+4} (You found it on level 1 of the Orcish Mines)
  3448 | Orc:1    | Got a crystal hand axe
  3468 | Orc:1    | Found a transporter.
  3527 | Orc:2    | Killed an ettin
  3634 | Orc:2    | Bought a +2 war axe of electrocution for 289 gold pieces
  3662 | Elf:1    | Reached skill level 9 in Invocations
  3665 | Elf:1    | Killed from afar by a deep elf knight

Vault maps used:
D:1:      dpeg_arrival_houses_and_road
D:2:      chequers_ecumenical_altar_simple, minmay_guardbox
D:3:      tgw_trog, uniq_sigmund, uniq_terence, uniq_grinder, uniq_jessica
D:4:      temple_fountains
D:5:      first_ration, uniq_blork_the_orc
D:6:      good_gods_mini_temple, serial_shops, shop_coins, enter_ossuary_4,
          uniq_menkaure
D:7:      minitemple
D:8:      demons_altar, chequers_temple_overflow_statue_of_worship,
          nicolae_ru_awakened_eye
D:10:     wad_statue_garden, minmay_lair_entry_grove, enter_trove_5, uniq_snorg
D:12:     david_orc_4, grunt_tengu_nest, uniq_josephine, uniq_rupert
D:13:     uniq_sonja
D:14:     david_vaults_3, lemuel_round_altar
Temple:   zaba_magenta_temple
Orc:1:    gammafunk_beogh_shrine, basic_altar, bh_open_orc_temple, uniq_maurice,
          uniq_erica
Orc:2:    st_orc_open, serial_shops, nicolae_shop_stone
Elf:1:    eino_elf_arrival_the_gate, minmay_elf_demonology,
          roderic_lattice_octagonal_star
Ossuary:  ossuary_due_cavern

Skill      XL: |  1  2  3  4  5  6  7  8  9 10 11 12 13 |
---------------+----------------------------------------+-----
Transmutations | 2 3 4 5 6 7 |  7.2
Spellcasting   | 5 6 7 8 9 |  9.6
Invocations    | 1 2 3 4 5 6 7 8 9 |  9.0
Fighting       | 1 2 3 4 5 6 7 8 |  8.2
Short Blades   | 1 2 3 4 5 6 7 8 |  8.2
Long Blades    | 1 2 3 4 5 6 7 8 |  8.2
Axes           | 1 2 3 4 5 6 7 8 |  8.2
Maces & Flails | 1 2 3 4 5 6 7 8 |  8.2
Polearms       | 1 2 3 4 5 6 7 8 |  8.2
Staves         | 1 2 3 4 5 6 7 8 |  8.2
Slings         | 1 2 3 4 5 6 7 8 |  8.2
Bows           | 1 2 3 4 5 6 7 8 |  8.2
Crossbows      | 1 2 3 4 5 6 7 8 |  8.2
Throwing       | 1 2 3 4 5 6 7 8 |  8.2
Armour         | 1 2 3 4 5 6 7 8 |  8.2
Shields        | 1 2 3 4 5 6 7 8 |  8.2
Unarmed Combat | 1 2 3 4 5 6 7 8 |  8.2
Evocations     | 1 2 3 4 5 6 7 8 |  8.2
Conjurations   | 1 2 3 4 5 6 |  6.8
Hexes          | 1 2 3 4 5 6 |  6.8
Charms         | 1 2 3 4 5 6 |  6.8
Summonings     | 1 2 3 4 5 6 |  6.8
Necromancy     | 1 2 3 4 5 6 |  6.8
Translocations | 1 2 3 4 5 6 |  6.8
Fire Magic     | 1 2 3 4 5 6 |  6.8
Ice Magic      | 1 2 3 4 5 6 |  6.8
Air Magic      | 1 2 3 4 5 6 |  6.8
Poison Magic   | 1 2 3 4 5 6 |  6.8
Dodging        | 5 6 7 8 9 |  9.4
Stealth        | 5 6 7 8 9 |  9.2
Earth Magic    | 6 7 8 |  8.8

Action                   |  1- 3 |  4- 6 |  7- 9 | 10-12 | 13-15 || total
-------------------------+-------+-------+-------+-------+-------++-------
Melee: Short sword       |     4 |    46 |    83 |    36 |       ||   169
       Bite              |       |     4 |     6 |    19 |    23 ||    52
       Punch             |       |       |     1 |       |       ||     1
       Whip              |       |       |       |    65 |    12 ||    77
       Dagger            |       |       |       |     6 |    57 ||    63
       War axe           |       |       |       |       |     9 ||     9
Throw: Javelin           |       |       |       |    21 |    12 ||    33
       Tomahawk          |       |       |       |     1 |       ||     1
 Cast: Sandblast         |     9 |     4 |    25 |    48 |     2 ||    88
       Passwall          |       |     4 |    14 |    10 |     3 ||    31
       Summon Lightning  |       |       |       |    26 |    16 ||    42
       Sticks to Snakes  |       |       |       |     1 |       ||     1
       Passage of Golubr |       |       |       |     4 |    10 ||    14
       Lee's Rapid Decon |       |       |       |     2 |     2 ||     4
       Blink             |       |       |       |     1 |     4 ||     5
Invok: Bend Time         |       |       |     1 |       |       ||     1
       Slouch            |       |       |       |     4 |     3 ||     7
 Abil: Evoke Blink       |       |       |       |       |     1 ||     1
Evoke: Wand              |       |       |    25 |    29 |    11 ||    65
  Use: Potion            |       |     3 |       |     4 |       ||     7
       Scroll            |       |       |     2 |     9 |     5 ||    16
 Stab: Sleeping          |       |     7 |     5 |     8 |       ||    20
       Distracted        |       |       |       |     4 |     2 ||     6
       Paralysed         |       |       |       |     4 |       ||     4
  Eat: Ration            |       |       |     1 |       |       ||     1
       Chunk             |       |       |       |     3 |     3 ||     6
Armor: Robe              |       |     6 |     7 |     2 |       ||    15
       Troll leather arm |       |       |       |    10 |     9 ||    19
       Acid dragon scale |       |       |       |     1 |       ||     1
Dodge: Dodged            |     4 |    19 |    55 |   125 |    72 ||   275
Block: Buckler           |       |       |     5 |    65 |    42 ||   112

Table legend:
 A = Spawn XP
 B = Non-spawn XP
 C = Spawn XP percentage of total XP
 D = Spawn monster count
 E = Non-spawn monster count
 F = Spawn count percentage of total count
 G = Total turns spent on level
                    A         B        C        D         E        F      G
               +---------+---------+-------+---------+---------+-------+---------
         Total |       0 |   43017 |   0.0 |       0 |     292 |   0.0 |  3665
               +---------+---------+-------+---------+---------+-------+---------
           D:1 |       0 |       4 |   0.0 |       0 |       1 |   0.0 |    44
           D:2 |       0 |      17 |   0.0 |       0 |       3 |   0.0 |    36
           D:3 |       0 |      50 |   0.0 |       0 |       2 |   0.0 |    10
           D:4 |       0 |      89 |   0.0 |       0 |       4 |   0.0 |    66
           D:5 |       0 |      45 |   0.0 |       0 |       2 |   0.0 |    22
           D:6 |       0 |     590 |   0.0 |       0 |      15 |   0.0 |   322
           D:8 |       0 |    1976 |   0.0 |       0 |      25 |   0.0 |   304
           D:9 |       0 |    1932 |   0.0 |       0 |      14 |   0.0 |   472
          D:10 |       0 |     490 |   0.0 |       0 |      14 |   0.0 |   145
          D:11 |       0 |     733 |   0.0 |       0 |       4 |   0.0 |   279
          D:12 |       0 |    2615 |   0.0 |       0 |      27 |   0.0 |   338
          D:13 |       0 |    4010 |   0.0 |       0 |      18 |   0.0 |   251
         Orc:1 |       0 |   12551 |   0.0 |       0 |      90 |   0.0 |   595
         Orc:2 |       0 |   15649 |   0.0 |       0 |      58 |   0.0 |   459
         Elf:1 |       0 |    2251 |   0.0 |       0 |       5 |   0.0 |    38
       Ossuary |       0 |      15 |   0.0 |       0 |      10 |   0.0 |   119
               +---------+---------+-------+---------+---------+-------+---------

Table legend:
 A = Turns spent in this place as a percentage of turns spent in the entire game.
 B = Non-inter-level travel turns spent in this place as a percentage of non-inter-level travel turns spent in the entire game.
 C = Inter-level travel turns spent in this place as a percentage of turns spent in this place.
 D = Turns resting spent in this place as a percentage of non-inter-level travel turns spent in this place.
 E = Turns spent auto-exploring this place as a percentage of non-inter-level travel turns spent in this place.
 F = Non-inter-level travel turns spent in this place divided by the number of levels of this place that you've seen.
                   A       B       C       D       E      F
               +-------+-------+-------+-------+-------+----------------------
         Total | 100.0 | 100.0 |   0.4 |   0.2 |   0.0 | 192.2
       Dungeon |  65.4 |  65.7 |   0.0 |   0.3 |   0.0 | 171.2
        Temple |   1.6 |   1.2 |  24.6 |   0.0 |   0.0 |  43.0
  Orcish Mines |  28.8 |  28.9 |   0.0 |   0.0 |   0.0 | 527.0
   Elven Halls |   1.0 |   1.0 |   0.0 |   0.0 |   0.0 |  38.0
       Ossuary |   3.2 |   3.3 |   0.0 |   0.0 |   0.0 | 119.0
               +-------+-------+-------+-------+-------+----------------------

Table legend:
 A = Kills in this place as a percentage of kills in entire the game.
 B = Kills by you in this place as a percentage of kills by you in the entire game.
 C = Kills by friends in this place as a percentage of kills by friends in the entire game.
 D = Other kills in this place as a percentage of other kills in the entire game.
 E = Experience gained in this place as a percentage of experience gained in the entire game.
 F = Experience gained in this place divided by the number of levels of this place that you have seen.
                   A       B       C       D       E      F
               +-------+-------+-------+-------+-------+----------------------
         Total | 100.0 | 100.0 | 100.0 |   N/A | 100.0 | 2264.1
       Dungeon |  44.2 |  53.6 |  25.0 |   N/A |  29.2 | 896.5
  Orcish Mines |  50.7 |  40.3 |  71.9 |   N/A |  65.6 | 14100.0
   Elven Halls |   1.7 |   1.0 |   3.1 |   N/A |   5.2 | 2251.0
       Ossuary |   3.4 |   5.1 |   0.0 |   N/A |   0.0 |  15.0
               +-------+-------+-------+-------+-------+----------------------

Vault maps used:
D:1:      dpeg_arrival_houses_and_road
D:2:      chequers_ecumenical_altar_simple, minmay_guardbox
D:3:      tgw_trog, uniq_sigmund, uniq_terence, uniq_grinder, uniq_jessica
D:4:      temple_fountains
D:5:      first_ration, uniq_blork_the_orc
D:6:      good_gods_mini_temple, serial_shops, shop_coins, enter_ossuary_4,
          uniq_menkaure
D:7:      minitemple
D:8:      demons_altar, chequers_temple_overflow_statue_of_worship,
          nicolae_ru_awakened_eye
D:10:     wad_statue_garden, minmay_lair_entry_grove, enter_trove_5, uniq_snorg
D:12:     david_orc_4, grunt_tengu_nest, uniq_josephine, uniq_rupert
D:13:     uniq_sonja
D:14:     david_vaults_3, lemuel_round_altar
Temple:   zaba_magenta_temple
Orc:1:    gammafunk_beogh_shrine, basic_altar, bh_open_orc_temple, uniq_maurice,
          uniq_erica
Orc:2:    st_orc_open, serial_shops, nicolae_shop_stone
Elf:1:    eino_elf_arrival_the_gate, minmay_elf_demonology,
          roderic_lattice_octagonal_star
Ossuary:  ossuary_due_cavern
